 Dungeon Crawl Stone Soup version 0.29.1-15-g9cfb28693d (webtiles) character file.

Game seed: 1099926860318585347

63 Thrivaldi the Ruffian (level 3, -3/35 HPs)
             Began as a Troll Gladiator on Apr 26, 2023.
             Splashed by a jelly's acid (7 damage)
             ... on level 4 of the Dungeon.
             The game lasted 00:02:07 (575 turns).

Thrivaldi the Ruffian (Troll Gladiator)              Turns: 575, Time: 00:02:08

Health: -3/35      AC: -3    Str: 22    XL:     3   Next: 89%
Magic:  2/2        EV: 10    Int:  6    God:
Gold:   26         SH:  0    Dex: 11    Spells: 2/2 levels left

rFire   . . .      SeeInvis .     - Unarmed
rCold   . . .      Faith    .   (no shield)
rNeg    . . .      Spirit   .   a - +0 robe
rPois   .          Reflect  .   b - +0 hat
rElec   .          Harm     .   (no cloak)
rCorr   .          Rampage  .   (gloves unavailable)
Will    .....                   (boots unavailable)
Stlth   +.........              (no amulet)
HPRegen 0.91/turn               (no ring)
MPRegen 0.08/turn               (no ring)

@: corroded
A: large, unfitting armour, claws 3, regeneration 1, shaggy fur 1, tough skin 1
a: no special abilities


You were on level 4 of the Dungeon.
You visited 1 branch of the dungeon, and saw 4 of its levels.

You collected 26 gold pieces.

Inventory:

Missiles
 c - 3 throwing nets
 d - a large rock
 k - 15 boomerangs (quivered)
Armour
 a - a +0 robe (worn)
 b - a +0 hat (worn)
Scrolls
 e - a scroll of teleportation {unknown}
Potions
 f - 3 potions of attraction {unknown}
 g - a potion of haste {unknown}
 h - a potion of curing {unknown}
 i - a potion of flight {unknown}
 j - a potion of lignification {unknown}


   Skills:
 * Level 1.8 Fighting
 * Level 2.0 Throwing
 * Level 0.4 Armour
 * Level 2.9 Dodging
 * Level 0.5 Stealth
 * Level 3.7 Unarmed Combat


You had 2 spell levels left.
You didn't know any spells.
Your spell library was empty.

Dungeon Overview and Level Annotations

Branches:
Dungeon (4/15)
 Temple: D:4-7

Altars:
Ru


Innate Abilities, Weirdness & Mutations

You are too large for most types of armour.
You have claws for hands.
Your natural rate of healing is unusually fast.
You are covered in fur. (AC +1)
You have tough skin. (AC +1)


Message History

A gnoll comes into view.
It is wielding a +0 club. 2 gnolls come into view.
The gnoll shouts! x2
A quokka comes into view.
The quokka moves out of view.
Really walk into that teleport trap?
You enter a teleport trap!
The teleport trap disappears.
Your surroundings suddenly seem different.
A ball python and a dart slug come into view.
The ball python hisses angrily.
The dart slug launches a dart at you. The slug dart hits you.
The dart slug barely misses you.
You scratch the dart slug.
The dart slug is heavily wounded.
You claw the dart slug!
You kill the dart slug!
Found a stone staircase leading down.
You claw the ball python!
You kill the ball python!
You see here a ball python corpse.
A jelly comes into view.
The jelly quivers.
Found a scroll labelled YGGAQU YCROROMP.
The jelly hits you.
You are splashed with acid!
You claw the jelly!
Your claws burn!
The jelly is heavily wounded.
The jelly completely misses you.
You scratch the jelly. The acid corrodes you!
Your claws burn!
The jelly is severely wounded.
The jelly hits you.
You are splashed with acid!
* * * LOW HITPOINT WARNING * * *
You scratch the jelly.
Your claws burn!
* * * LOW HITPOINT WARNING * * *
The jelly is almost dead.
The jelly misses you. The jelly attacks as you move away! The jelly hits you.
* * * LOW HITPOINT WARNING * * *
The acid corrodes you!
You are splashed with acid!
You die...

##### ...
##.#.###.###
##.#........
##.#.....#.##..
#.#............
###.#.....#>###.
.........†##
#########.#.######
.........J@......#
#######...######.#
.....### ####.#
... ##.. #?. #..#


You could see a jelly.

Vanquished Creatures
  A jelly (D:4)
  An adder (D:2)
  A worm (D:2)
  2 dart slugs
  An orc (D:3)
  An endoplasm (D:1)
  A goblin (D:2)
  3 hobgoblins
  A quokka (D:4)
  2 ball pythons
  3 bats
  A rat (D:1)
18 creatures vanquished.

Notes
Turn   | Place    | Note
-------+----------+-------------------------------------------
     0 | D:1      | Thrivaldi the Troll Gladiator began the quest for the Orb.
     0 | D:1      | Reached XP level 1. HP: 19/19 MP: 0/0
   260 | D:1      | Reached XP level 2. HP: 22/27 MP: 1/1
   370 | D:2      | Identified the +0 leather armour "Reihuet" {Fly Str+4}
   476 | D:3      | Reached XP level 3. HP: 34/35 MP: 2/2
   518 | D:4      | Found a sacrificial altar of Ru.
   571 | D:4      | HP: 1/35 [acid (5)]
   575 | D:4      | Splashed by a jelly's acid

Illustrated notes

Levels and vault maps discovered:
D:1:      heliophobic_arrival_enchanted_forest, layout_loops_ring,
          hellmonk_ecumenical_altar_lost_god
D:2:      layout_basic, chequers_serial_rivers_micro_c, glass_columns_b,
          supply_closet_lemuel, uniq_robin
D:3:      layout_basic, nicolae_overflow_crystal_walls,
          lemuel_zombie_altar_kikubaaqudgha, mainiacjoe_overflow_paths,
          general_overflow_altar, minmay_diced_spiral
D:4:      layout_loops_ring, lemuel_tele_altar, cheibrodos_worm_habitat

Skill      XL: |  1  2  3 |
---------------+----------+-----
Throwing       | 2 |  2.0
Fighting       | |  1.8
Armour         | |  0.4
Dodging        | |  2.9
Stealth        | |  0.5
Unarmed Combat | |  3.7

Action                   || total
-------------------------++-------
Melee: Unarmed           ||    48
Throw: Boomerang         ||     9
  Use: Scroll            ||     1
Armor: Robe              ||    16
Dodge: Dodged            ||    20
